 Dungeon Crawl Stone Soup version 0.29-a0-1039-gfc20370e89 (webtiles) character file.

Game seed: 13884111058808244300

198 Plasmagod the Ducker (level 6, -8/40 HPs)
             Began as a Djinni Fire Elementalist on Aug 15, 2022.
             Mangled by a gnoll bouda
             ... wielding a +0 club
              (9 damage)
             ... on level 4 of the Dungeon.
             The game lasted 00:07:25 (4709 turns).

Plasmagod the Ducker (Djinni Fire Elementalist)     Turns: 4709, Time: 00:07:26

Health: -8/40      AC:  3    Str:  7    XL:     6   Next: 5%
Gold:   292        EV: 13    Int: 19    God:
                   SH:  0    Dex: 13

rFire   + + .      SeeInvis .   (no weapon)
rCold   x . .      Faith    .   (no shield)
rNeg    . . .      Spirit   .   a - +0 robe
rPois   ∞          Reflect  .   (no helmet)
rElec   .          Harm     .   j - +0 cloak
rCorr   .          Rampage  .   (no gloves)
Will    .....                   (boots unavailable)
Stlth   ++........              (no amulet)
HPRegen 0.13/turn               (no ring)
MPRegen 0.00/turn               (no ring)

@: flying
A: sickness immunity, fire resistance 2, cold vulnerability 1, float, innate
caster, HP casting, extra vitality 1
a: no special abilities


You were on level 4 of the Dungeon.
You visited 1 branch of the dungeon, and saw 4 of its levels.

You collected 292 gold pieces.

Inventory:

Missiles
 n - 20 stones
Armour
 a - a +0 robe (worn)
 j - a +0 cloak (worn)
Scrolls
 b - a scroll of torment {unknown}
 d - a scroll of magic mapping {unknown}
 h - 3 scrolls of identify {unknown}
 i - 2 scrolls of blinking {unknown}
 q - 3 scrolls of vulnerability {unknown}
Potions
 c - a potion of berserk rage {unknown}
 e - 3 potions of curing {unknown}
 f - 3 potions of flight {unknown}
 g - a potion of ambrosia {unknown}
 k - 2 potions of mutation {unknown}
 l - a potion of cancellation {unknown}
 m - a potion of might {unknown}
 o - a potion of resistance {unknown}
 p - 2 potions of heal wounds {unknown}
 r - a potion of attraction {unknown}


   Skills:
 - Level 4.0 Dodging
 - Level 3.2 Stealth
 + Level 3.3 Spellcasting


You couldn't memorise any spells.
You knew the following spells:

 Your Spells              Type           Power      Damage    Failure   Level
a - Foxfire               Conj/Fire      64%        2x1d7     3%          1
b - Scorch                Fire           32%        2d7       5%          2
c - Conjure Flame         Conj/Fire      16%        6-21      11%         3
d - Inner Flame           Hex/Fire       16%        N/A       11%         3
e - Flame Wave            Conj/Fire      16%        2d7       36%         4
f - Sandblast             Erth           32%        2d9       3%          1
g - Blink                 Tloc           32%        N/A       5%          2
Your spell library was empty.

Dungeon Overview and Level Annotations

Branches:
Dungeon (4/15)
 Temple: D:4-7

Altars:


Innate Abilities, Weirdness & Mutations

You are immune to sickness and miasma.
You are immune to poison.
Your flesh is very heat resistant. (rF++)
You are vulnerable to cold. (rC-)
You float through the air rather than walking.
You learn spells naturally, not from books.
Your magical power is your life essence.
You have superior vitality. (+4 MHP)


Message History

The orc is heavily wounded.
A dart slug comes into view.
The gnoll hits you from afar with a +5 spear.
The orc barely misses you.
You are too injured to fight recklessly!
Casting: Foxfire (safe; 3% risk of failure)
Confirm with . or Enter, or press ? or * to list all spells.
The spell is extremely dangerous to miscast (36% risk of failure)!
Continue anyway?
Casting: Flame Wave (extremely dangerous; 36% risk of failure)
Press: ? - help, Dir - look around, f - activate You can't see any item there.
A wave of flame ripples out!
The flame wave engulfs your foxfire.
Your foxfire completely resists.
The flame wave engulfs the gnoll bouda.
The gnoll bouda is lightly wounded.
The flame wave engulfs the orc!
You kill the orc!
The flame wave engulfs your foxfire.
Your foxfire completely resists. (Press . to intensify the flame waves.)
You hear a shout! x5
The foxfire hits the gnoll bouda.
The gnoll bouda is moderately wounded.
The foxfire hits the gnoll.
The gnoll is severely wounded.
The gnoll hits you with a +0 whip.
The gnoll hits you from afar with a +5 spear.
* * * LOW HITPOINT WARNING * * *
The gnoll bouda barely misses you.
A wave of flame ripples out!
The flame wave engulfs the gnoll.
The gnoll is heavily wounded.
The flame wave engulfs the gnoll bouda.
The gnoll bouda is moderately wounded.
The flame wave engulfs the gnoll.
You kill the gnoll!
* * * LOW HITPOINT WARNING * * *
The gnoll hits you with a +0 whip!
* * * LOW HITPOINT WARNING * * *
The gnoll bouda hits you with a +0 club!
You die...

###############
...............
........(......
...............
.............w.
...............
......g.)......
......g@.......
........§..$...
......)).......
...............
..............(
#######........
#####...# ...#


You could see a gnoll bouda, a gnoll (swift) and a dart slug.

Vanquished Creatures
  A jelly (D:3)
  Jessica (D:2)
  An orc wizard (D:3)
  An adder (D:2)
  2 gnolls (D:4)
  2 worms (D:2)
  2 dart slugs
  8 orcs
  7 endoplasms
  2 giant cockroaches
  4 hobgoblins
  8 jackals
  2 quokkas
  5 ball pythons
  2 bats (D:1)
  6 frilled lizards
  7 goblins
  9 kobolds
  10 rats
80 creatures vanquished.

Vanquished Creatures (others)
  233 foxfires
233 creatures vanquished.

Grand Total: 313 creatures vanquished

Notes
Turn   | Place    | Note
-------+----------+-------------------------------------------
     0 | D:1      | Plasmagod the Djinni Fire Elementalist began the quest for
                  | the Orb.
     0 | D:1      | Plasmagod set off with the following spells memorised:
                  | Foxfire, Scorch, Conjure Flame, Inner Flame, Flame Wave.
     0 | D:1      | Reached XP level 1. HP: 15/15 MP: 0/0
   425 | D:1      | Reached XP level 2. HP: 18/21 MP: 0/0
   776 | D:1      | Found a faded altar of an unknown god.
  1189 | D:1      | Reached XP level 3. HP: 17/25 MP: 0/0
  1189 | D:1      | Learned a level 1 spell: Sandblast
  1597 | D:1      | Reached skill level 3 in Dodging
  2507 | D:2      | Reached XP level 4. HP: 23/31 MP: 0/0
  2686 | D:2      | Noticed Jessica
  2691 | D:2      | Killed Jessica
  2892 | D:2      | Reached XP level 5. HP: 32/35 MP: 0/0
  2892 | D:2      | Learned a level 2 spell: Blink
  4524 | D:3      | Reached skill level 4 in Dodging
  4707 | D:4      | Reached XP level 6. HP: 25/40 MP: 0/0
  4709 | D:4      | HP: 1/40 [gnoll/+0 whip[a gnoll bouda] (7)]
  4709 | D:4      | Mangled by a gnoll bouda

Illustrated notes

Levels and vault maps discovered:
D:1:      onia_arrival_handbag, layout_basic,
          hellmonk_ecumenical_altar_slurped_away
D:2:      layout_basic, uniq_jessica
D:3:      layout_loops_corners
D:4:      layout_basic, minmay_misc_feat_nine_boxes, amethyst_killhole,
          uniq_grinder

Skill      XL: |  1  2  3  4  5 |
---------------+----------------+-----
Stealth        | 2 3 |  3.2
Dodging        | 3 4 |  4.0
Spellcasting   | 3 |  3.3

Action                   |  1- 3 |  4- 6 || total
-------------------------+-------+-------++-------
Melee: Unarmed           |     1 |       ||     1
 Cast: Foxfire           |    86 |    57 ||   143
       Scorch            |    12 |    16 ||    28
       Sandblast         |       |     5 ||     5
       Flame Wave        |       |     1 ||     1
 Stab: Sleeping          |     1 |       ||     1
Armor: Robe              |     3 |     1 ||     4
Dodge: Dodged            |    18 |     9 ||    27

Table legend: (Time is in decaauts)
 A = Elapsed time spent in this place.
 B = Non-inter-level travel time spent in this place.
 C = Inter-level travel time spent in this place.
 D = Time resting spent in this place.
 E = Time spent auto-exploring this place.
 F = Levels seen in this place.
 G = Mean time per level.
                   A        B        C        D        E       F      G
               +--------+--------+--------+--------+--------+-----+--------+
         Total |   4713 |   4612 |    101 |     66 |   4083 |   4 | 1178.2 |
       Dungeon |   4713 |   4612 |    101 |     66 |   4083 |   4 | 1178.2 |
               +--------+--------+--------+--------+--------+-----+--------+

Top non-repeatable levels by time:
     D:1: 2077 daAuts
     D:3: 1489 daAuts
     D:2: 1126 daAuts
     D:4: 19 daAuts
